TOP OF THE 1ST |
Detroit Red Wings batting - Pitching for Paris Cubs : LHP Tom Mooney
|
Pitching: LHP Tom Mooney
|
|
Batting: RHB Tony Nunez
|
0-0: Foul Ball, location: 2F 0-1: Ball 1-1: Fly out, F8 (Flyball, 8LXD, EV 86.2 MPH)
|
Batting: RHB Carlos Armenteros
|
0-0: Foul Ball, location: 2F 0-1: Swinging Strike 0-2: Foul Ball, location: 2F 0-2: Ball 1-2: Ball 2-2: Ball 3-2: Foul Ball, location: 2F 3-2: Foul Ball, location: 2F 3-2: Base on Balls
|
Batting: LHB George Moran
|
0-0: Ball 1-0: Called Strike 1-1: Fielders Choice at 2nd, 1-6 (Groundball, 34S, EV 68.8 MPH)
|
Batting: RHB Tony Soto
|
0-0: Ball George Moran steals 2nd base 1-0: Foul Ball, location: 2F 1-1: Fly out, F7 (Line Drive, 7, EV 102.5 MPH)
|
Top of the 1st over - 0 runs, 0 hits, 0 errors, 1 left on base; Detroit 0 - Paris 0 |
BOTTOM OF THE 1ST |
Paris Cubs batting - Pitching for Detroit Red Wings : LHP Estêvão Cavadas
|
Pitching: LHP Estêvão Cavadas
|
|
Batting: RHB Puluke Konane
|
0-0: Ball 1-0: Ball 2-0: Foul Ball, location: 2F 2-1: Called Strike 2-2: SINGLE (Groundball, 6D, EV 96.9 MPH)
|
Batting: RHB Ricardo Aguinaga
|
0-0: Ball 1-0: Called Strike Puluke Konane steals 2nd base 1-1: Ball 2-1: 2-RUN HOME RUN (Flyball, 89XD, EV 109.4 MPH), Distance : 421 ft
|
Batting: RHB Du Kim
|
0-0: Called Strike 0-1: Foul Ball, location: 2F 0-2: Fly out, F7 (Flyball, 7, EV 86.9 MPH)
|
Batting: RHB Brad Santanello
|
0-0: SINGLE (Line Drive, 78S, EV 99.4 MPH)
|
Batting: RHB Gilberto Alvarado
|
0-0: Reached on error, E5 (Groundball, 5, EV 86.2 MPH) Brad Santanello to second
|
Batting: RHB Khalil Stephens
|
0-0: Ball 1-0: Ball 2-0: Fly out, F6 (Line Drive, 6, EV 67.5 MPH) Lined into DP, 6-4 (Line Drive, 6, EV 67.5 MPH)
|
Bottom of the 1st over - 2 runs, 3 hits, 1 error, 1 left on base; Detroit 0 - Paris 2 |
TOP OF THE 2ND |
Detroit Red Wings batting - Pitching for Paris Cubs : LHP Tom Mooney
|
Batting: RHB Khalil Coleman
|
0-0: Called Strike 0-1: Called Strike 0-2: Ball 1-2: Ground out U3 (Groundball, 3, EV 91.9 MPH)
|
Batting: LHB Glen Boyle
|
0-0: Swinging Strike 0-1: Ball 1-1: Foul Ball, location: 2F 1-2: Ball 2-2: Foul Ball, location: 2F 2-2: Ground out 6-3 (Groundball, 6, EV 83.8 MPH)
|
Batting: RHB Juan Perez
|
0-0: DOUBLE (Line Drive, 89XD, EV 106.2 MPH)
|
Batting: LHB Brad Gaskill
|
0-0: Called Strike 0-1: SINGLE (Line Drive, 6MD, EV 98.1 MPH) Juan Perez to third Runner from 3rd tries for Home, SAFE, throw by CF to home
|
Batting: LHB Steve Herrera
|
0-0: Ground out 4-3 (Groundball, 34, EV 77.5 MPH)
|
Top of the 2nd over - 1 run, 2 hits, 0 errors, 1 left on base; Detroit 1 - Paris 2 |
BOTTOM OF THE 2ND |
Paris Cubs batting - Pitching for Detroit Red Wings : LHP Estêvão Cavadas
|
Batting: RHB Josh Burns
|
0-0: Ball 1-0: Foul Ball, location: 2F 1-1: Ball 2-1: Ball 3-1: Base on Balls
|
Batting: RHB T.J. Garrison
|
0-0: Foul Ball, location: 3F, Error on foul ball, E3 0-1: Ball 1-1: Ball 2-1: Ball 3-1: Base on Balls Josh Burns to second
|
Batting: LHB Hiroki Yamamoto
|
0-0: Fly out, F6 (Line Drive, 6, EV 68.1 MPH)
|
Batting: RHB Puluke Konane
|
0-0: Swinging Strike 0-1: Ball 1-1: Foul Ball, location: 2F 1-2: Ball 2-2: SINGLE (Line Drive, 7S, EV 96.2 MPH) Josh Burns to third T.J. Garrison to second Runner from 3rd tries for Home, throw by LF and OUT! 7-2
|
Batting: RHB Ricardo Aguinaga
|
0-0: Ball 1-0: Reached on error, E3 (Groundball, 34, EV 89.4 MPH) T.J. Garrison to third Puluke Konane to second
|
Batting: RHB Du Kim
|
0-0: Ball 1-0: Fly out, F7 (Flyball, 78D, EV 101.9 MPH)
|
Bottom of the 2nd over - 0 runs, 1 hit, 2 errors, 3 left on base; Detroit 1 - Paris 2 |
TOP OF THE 3RD |
Detroit Red Wings batting - Pitching for Paris Cubs : LHP Tom Mooney
|
Batting: RHB Tony Nunez
|
0-0: Ball 1-0: Swinging Strike 1-1: Called Strike 1-2: Strikes out swinging
|
Batting: RHB Carlos Armenteros
|
0-0: Ball 1-0: Foul Ball, location: 2F 1-1: Called Strike 1-2: Fly out, F8 (Flyball, 8LD, EV 95.6 MPH)
|
Batting: LHB George Moran
|
0-0: DOUBLE (Line Drive, 7LM, EV 105.6 MPH)
|
Batting: RHB Tony Soto
|
0-0: Foul Ball, location: 2F 0-1: Ball 1-1: SINGLE (Groundball, 34D, EV 98.8 MPH) George Moran to third Runner from 3rd tries for Home, SAFE, throw by RF to home
|
Batting: RHB Khalil Coleman
|
0-0: Ball 1-0: Called Strike 1-1: Swinging Strike 1-2: Ball 2-2: Ground out 3-1 (Groundball, 34S, EV 91.2 MPH)
|
Top of the 3rd over - 1 run, 2 hits, 0 errors, 1 left on base; Detroit 2 - Paris 2 |
BOTTOM OF THE 3RD |
Paris Cubs batting - Pitching for Detroit Red Wings : LHP Estêvão Cavadas
|
Batting: RHB Brad Santanello
|
0-0: Foul Ball, location: 2F 0-1: Ball 1-1: Called Strike 1-2: Strikes out swinging
|
Batting: RHB Gilberto Alvarado
|
0-0: Ball 1-0: Ball 2-0: Called Strike 2-1: Called Strike 2-2: Ball 3-2: Foul Ball, location: 2F 3-2: Foul Ball, location: 2F 3-2: Strikes out swinging
|
Batting: RHB Khalil Stephens
|
0-0: Ball 1-0: Ground out 4-3 (Groundball, 4, EV 82.5 MPH)
|
Bottom of the 3rd over - 0 runs, 0 hits, 0 errors, 0 left on base; Detroit 2 - Paris 2 |
TOP OF THE 4TH |
Detroit Red Wings batting - Pitching for Paris Cubs : LHP Tom Mooney
|
Batting: LHB Glen Boyle
|
0-0: Ball 1-0: Foul Ball, location: 2F 1-1: Foul Ball, location: 2F 1-2: Foul Ball, location: 2F 1-2: Ball 2-2: Foul Ball, location: 2F 2-2: SINGLE (Groundball, 4MD, EV 106.9 MPH)
|
Batting: RHB Juan Perez
|
0-0: Fly out, F8 (Flyball, 78XD, EV 97.5 MPH)
|
Batting: LHB Brad Gaskill
|
0-0: Called Strike 0-1: SINGLE (Line Drive, 9S, EV 110.0 MPH) Glen Boyle to second
|
Batting: LHB Steve Herrera
|
0-0: Ball 1-0: Grounds into double play, 6-4-3 (Groundball, 6, EV 90.0 MPH)
|
Top of the 4th over - 0 runs, 2 hits, 0 errors, 1 left on base; Detroit 2 - Paris 2 |
BOTTOM OF THE 4TH |
Paris Cubs batting - Pitching for Detroit Red Wings : LHP Estêvão Cavadas
|
Batting: RHB Josh Burns
|
0-0: Ball 1-0: Foul Ball, location: 2F 1-1: Foul Ball, location: 2F 1-2: Ball 2-2: Foul Ball, location: 2F 2-2: Foul Ball, location: 2F 2-2: Ball 3-2: Foul Ball, location: 2F 3-2: Fly out, F8 (Flyball, 89D, EV 93.1 MPH)
|
Batting: RHB T.J. Garrison
|
0-0: Called Strike 0-1: Called Strike 0-2: Ball 1-2: Ball 2-2: Strikes out swinging
|
Batting: LHB Hiroki Yamamoto
|
0-0: Called Strike 0-1: Called Strike 0-2: Ball 1-2: Fly out, F8 (Flyball, 89S, EV 85.6 MPH)
|
Bottom of the 4th over - 0 runs, 0 hits, 0 errors, 0 left on base; Detroit 2 - Paris 2 |
TOP OF THE 5TH |
Detroit Red Wings batting - Pitching for Paris Cubs : LHP Tom Mooney
|
Batting: RHB Tony Nunez
|
0-0: Fly out, F7 (Flyball, 78D, EV 103.1 MPH)
|
Batting: RHB Carlos Armenteros
|
0-0: Ball 1-0: Ball 2-0: Ball 3-0: Base on Balls
|
Batting: LHB George Moran
|
0-0: Called Strike 0-1: Foul Ball, location: 2F 0-2: Ball 1-2: Foul Ball, location: 2F 1-2: Ball 2-2: Ball 3-2: Foul Ball, location: 2F 3-2: Strikes out swinging
|
Batting: RHB Tony Soto
|
0-0: Called Strike 0-1: Ball 1-1: Ball 2-1: Foul Ball, location: 2F 2-2: Foul Ball, location: 2F 2-2: Strikes out swinging
|
Top of the 5th over - 0 runs, 0 hits, 0 errors, 1 left on base; Detroit 2 - Paris 2 |
BOTTOM OF THE 5TH |
Paris Cubs batting - Pitching for Detroit Red Wings : LHP Estêvão Cavadas
|
Batting: RHB Puluke Konane
|
0-0: Swinging Strike 0-1: Ball 1-1: Fly out, F9 (Flyball, 9LM, EV 84.4 MPH)
|
Batting: RHB Ricardo Aguinaga
|
0-0: SINGLE (Flyball, 4D, EV 90.0 MPH)
|
Batting: RHB Du Kim
|
0-0: Ball 1-0: SINGLE (Line Drive, 4D, EV 103.1 MPH) Ricardo Aguinaga to second
|
Batting: RHB Brad Santanello
|
0-0: Called Strike 0-1: Ball Wild Pitch! Ricardo Aguinaga to third Du Kim to second 1-1: Ball 2-1: Called Strike 2-2: Foul Ball, location: 2F 2-2: SINGLE (Groundball, 6D, EV 106.2 MPH) Ricardo Aguinaga scores Du Kim to third Runner from 3rd tries for Home, SAFE, throw by CF to home
|
Batting: RHB Gilberto Alvarado
|
0-0: SINGLE (Groundball, 56D, EV 106.9 MPH) Brad Santanello to second
|
Batting: RHB Khalil Stephens
|
0-0: Ball 1-0: SINGLE (Flyball, 8RS, EV 97.5 MPH) Brad Santanello to third Gilberto Alvarado to second Runner from 3rd tries for Home, SAFE, throw by CF to home
|
Batting: RHB Josh Burns
|
0-0: Ball 1-0: Ball 2-0: Grounds into double play, 5-4-3 (Groundball, 56, EV 87.5 MPH)
|
Bottom of the 5th over - 3 runs, 5 hits, 0 errors, 1 left on base; Detroit 2 - Paris 5 |
TOP OF THE 6TH |
Detroit Red Wings batting - Pitching for Paris Cubs : LHP Tom Mooney
|
Batting: RHB Khalil Coleman
|
0-0: Ball 1-0: Ball 2-0: Ball 3-0: Base on Balls
|
Batting: LHB Glen Boyle
|
0-0: Swinging Strike 0-1: Called Strike 0-2: Grounds into double play, 5-4-3 (Groundball, 56, EV 102.5 MPH)
|
Batting: RHB Juan Perez
|
0-0: Ball 1-0: Ball 2-0: Ground out U3 (Groundball, 34S, EV 81.9 MPH)
|
Top of the 6th over - 0 runs, 0 hits, 0 errors, 0 left on base; Detroit 2 - Paris 5 |
BOTTOM OF THE 6TH |
Paris Cubs batting - Pitching for Detroit Red Wings : LHP Estêvão Cavadas
|
Batting: RHB T.J. Garrison
|
0-0: Called Strike 0-1: Foul Ball, location: 2F 0-2: Ball 1-2: Strikes out swinging
|
Batting: LHB Hiroki Yamamoto
|
0-0: Ball 1-0: Swinging Strike 1-1: DOUBLE (Flyball, 89D, EV 110.0 MPH)
|
Batting: RHB Puluke Konane
|
0-0: Ball 1-0: Fly out, F3 (Popup, 3F, EV 77.5 MPH)
|
Batting: RHB Ricardo Aguinaga
|
0-0: Foul Ball, location: 2F 0-1: Foul Ball, location: 2F 0-2: Ground out U3 (Groundball, 34S, EV 85.0 MPH)
|
Bottom of the 6th over - 0 runs, 1 hit, 0 errors, 1 left on base; Detroit 2 - Paris 5 |
TOP OF THE 7TH |
Detroit Red Wings batting - Pitching for Paris Cubs : LHP Tom Mooney
|
Batting: LHB Brad Gaskill
|
0-0: Called Strike 0-1: Ball 1-1: Ground out U3 (Groundball, 3, EV 78.8 MPH)
|
Batting: LHB Steve Herrera
|
0-0: Called Strike 0-1: Ball 1-1: Ball 2-1: SINGLE (Groundball, 25, EV 63.8 MPH) (infield hit)
|
Batting: RHB Tony Nunez
|
0-0: Fly out, F6 (Flyball, 6D, EV 86.2 MPH)
|
Batting: RHB Carlos Armenteros
|
0-0: Swinging Strike 0-1: Fly out, F9 (Flyball, 9, EV 91.9 MPH)
|
Top of the 7th over - 0 runs, 1 hit, 0 errors, 1 left on base; Detroit 2 - Paris 5 |
BOTTOM OF THE 7TH |
Paris Cubs batting - Pitching for Detroit Red Wings : LHP Estêvão Cavadas
|
Batting: RHB Du Kim
|
0-0: Called Strike 0-1: Ball 1-1: Ball 2-1: DOUBLE (Flyball, 78D, EV 103.8 MPH)
|
Batting: RHB Brad Santanello
|
0-0: Swinging Strike 0-1: Swinging Strike 0-2: Ball 1-2: Fly out, F8 (Line Drive, 8RD, EV 111.2 MPH) Runner from 2nd tags up, SAFE at 3rd with throw by CF
|
Batting: RHB Gilberto Alvarado
|
0-0: Foul Ball, location: 2F 0-1: Ball 1-1: SINGLE (Line Drive, 6D, EV 101.2 MPH) Du Kim scores
|
Batting: RHB Khalil Stephens
|
0-0: Called Strike 0-1: Ball 1-1: Swinging Strike 1-2: Foul Ball, location: 2F 1-2: Fielders Choice at 2nd, 6-4 (Groundball, 6, EV 79.4 MPH)
|
Batting: RHB Josh Burns
|
0-0: Ball 1-0: Ball 2-0: Ball 3-0: Base on Balls Khalil Stephens to second
|
Pitching: RHP Adam Fisher
|
|
Batting: RHB T.J. Garrison
|
0-0: Fly out, F6 (Popup, 6M, EV 63.8 MPH)
|
Bottom of the 7th over - 1 run, 2 hits, 0 errors, 2 left on base; Detroit 2 - Paris 6 |
TOP OF THE 8TH |
Detroit Red Wings batting - Pitching for Paris Cubs : LHP Tom Mooney
|
Batting: LHB George Moran
|
0-0: Ball 1-0: Called Strike 1-1: Ball 2-1: Foul Ball, location: 2F 2-2: Ball 3-2: Hit by Pitch
|
Batting: RHB Tony Soto
|
0-0: Swinging Strike 0-1: Ball 1-1: Ball 2-1: Swinging Strike 2-2: Foul Ball, location: 2F 2-2: Fly out, F9 (Flyball, 9LD, EV 106.9 MPH)
|
Batting: RHB Khalil Coleman
|
0-0: Called Strike 0-1: Fly out, F8 (Flyball, 8RM, EV 88.1 MPH)
|
Pitching: LHP Jose Urena
|
|
Batting: LHB Glen Boyle
|
0-0: Called Strike 0-1: Swinging Strike 0-2: Hit by Pitch George Moran to second
|
Batting: RHB Juan Perez
|
0-0: Ball 1-0: Called Strike 1-1: Ball 2-1: Swinging Strike 2-2: Strikes out looking
|
Top of the 8th over - 0 runs, 0 hits, 0 errors, 2 left on base; Detroit 2 - Paris 6 |
BOTTOM OF THE 8TH |
Paris Cubs batting - Pitching for Detroit Red Wings : RHP Adam Fisher
|
Batting: LHB Hiroki Yamamoto
|
0-0: DOUBLE (Line Drive, 8RXD, EV 103.1 MPH)
|
Batting: RHB Puluke Konane
|
0-0: Called Strike 0-1: Ball 1-1: DOUBLE (Groundball, 5L, EV 96.2 MPH) Hiroki Yamamoto scores
|
Batting: RHB Ricardo Aguinaga
|
0-0: Called Strike 0-1: Foul Ball, location: 2F 0-2: Ball 1-2: Ball 2-2: Ball 3-2: Base on Balls
|
Batting: RHB Du Kim
|
0-0: Ball Puluke Konane steals 3rd base 1-0: DOUBLE (Line Drive, 78D, EV 103.8 MPH) Puluke Konane scores Ricardo Aguinaga to third Runner from 3rd tries for Home, SAFE, throw by LF to trailing runner, SAFE at third!
|
Batting: RHB Brad Santanello
|
0-0: Ball 1-0: Swinging Strike 1-1: Foul Ball, location: 2F 1-2: Foul Ball, location: 2F 1-2: Foul Ball, location: 2F 1-2: Ball 2-2: Ball 3-2: Strikes out swinging
|
Batting: RHB Gilberto Alvarado
|
0-0: Ball 1-0: SINGLE (Flyball, 56D, EV 88.1 MPH) Du Kim scores
|
Batting: RHB Khalil Stephens
|
0-0: Ball 1-0: Called Strike 1-1: Ball 2-1: Ball 3-1: Base on Balls Gilberto Alvarado to second
|
Batting: RHB Josh Burns
|
0-0: Called Strike 0-1: Foul Ball, location: 2F 0-2: Foul Ball, location: 2F 0-2: Ball 1-2: Fielders Choice at 2nd, 6-4 (Groundball, 6, EV 83.1 MPH) Gilberto Alvarado to third
|
Batting: RHB T.J. Garrison
|
0-0: Called Strike 0-1: Ball 1-1: 3-RUN HOME RUN (Flyball, 7D, EV 100.6 MPH), Distance : 387 ft
|
Pitching: LHP Jean-Luc Legros
|
|
Batting: LHB Hiroki Yamamoto
|
0-0: Foul Ball, location: 2F 0-1: Called Strike 0-2: Ball 1-2: Foul Ball, location: 2F 1-2: Ball 2-2: SINGLE (Groundball, 5D, EV 96.9 MPH)
|
Batting: RHB Puluke Konane
|
0-0: Called Strike 0-1: Foul Ball, location: 2F 0-2: Fly out, F8 (Line Drive, 8LD, EV 101.9 MPH)
|
Bottom of the 8th over - 7 runs, 6 hits, 0 errors, 1 left on base; Detroit 2 - Paris 13 |
TOP OF THE 9TH |
Detroit Red Wings batting - Pitching for Paris Cubs : LHP Jose Urena
|
Batting: LHB Brad Gaskill
|
0-0: Ball 1-0: Foul Ball, location: 2F 1-1: Called Strike 1-2: Ball 2-2: Ball 3-2: Foul Ball, location: 2F 3-2: Base on Balls
|
Batting: LHB Steve Herrera
|
0-0: Ball 1-0: Called Strike 1-1: Swinging Strike 1-2: Strikes out swinging
|
Pitching: RHP Roberto Cruz
|
|
Batting: RHB Tony Nunez
|
0-0: Ball 1-0: Ball 2-0: Ball 3-0: Base on Balls Brad Gaskill to second
|
Batting: RHB Carlos Armenteros
|
0-0: Ball 1-0: Foul Ball, location: 2F 1-1: Ball 2-1: Foul Ball, location: 2F 2-2: Foul Ball, location: 2F 2-2: Strikes out swinging
|
Batting: LHB George Moran
|
0-0: Called Strike 0-1: Called Strike 0-2: Strikes out swinging
|
Top of the 9th over - 0 runs, 0 hits, 0 errors, 2 left on base; Detroit 2 - Paris 13 |
|